 Dungeon Crawl Stone Soup version 0.14-a0-181-gf6fe0c6 (webtiles) character file.

139 PolkaDot the Poker (level 4, 0/34 HPs)
             Began as a Merfolk Death Knight on Oct 6, 2013.
             Was a Believer of Yredelemnul.
             Slain by a gnoll
             ... wielding a cursed -1,-3 spear
              (4 damage)
             ... on Level 2 of the Dungeon.
             The game lasted 00:06:02 (1153 turns).

PolkaDot the Poker (Merfolk Death Knight)           Turns: 1153, Time: 00:06:03

HP   0/34        AC  3     Str 13      XL: 4   Next: 56%
MP   7/7         EV 12     Int 10      God: Yredelemnul [**....]
Gold 49          SH  0     Dex 14      Spells:  0 memorised,  3 levels left

Res.Fire  : . . .   See Invis. : .   a - +1 spear
Res.Cold  : . . .   Warding    : .   b - +0 leather armour
Life Prot.: . . .   Conserve   : .   (no shield)
Res.Poison: +       Res.Corr.  : .   (no helmet)
Res.Elec. : .       Clarity    : .   (no cloak)
Sust.Abil.: . .     Spirit.Shd : .   (no gloves)
Res.Mut.  : .       Stasis     : .   (no boots)
Res.Rott. : .       Flight     : .   (no amulet)
Saprovore : . . .                    (no ring)
                                     e - ring of poison resistance

@: slightly resistant to hostile enchantments, unstealthy
A: change form in water, swift swim
a: Animate Remains, Recall Undead Slaves, Injury Mirror, Renounce Religion


You were on level 2 of the Dungeon.
You worshipped Yredelemnul.
Yredelemnul was pleased with you.
You were not hungry.

You visited 1 branch of the dungeon, and saw 2 of its levels.

You collected 29 gold pieces.

Inventory:

Hand weapons
 a - a +1,+1 spear (weapon)
Armour
 b - a +0 leather armour (worn)
Comestibles
 c - 3 bread rations
Scrolls
 d - a scroll of teleportation {unknown}
 f - a scroll of fog {unknown}
 h - a scroll of remove curse {unknown}
 i - a scroll of enchant weapon II {unknown}
 j - a scroll of amnesia {unknown}
Jewellery
 e - a ring of poison resistance (left hand)


   Skills:
 + Level 3.0 Fighting
 * Level 5.2 Polearms
 - Level 0.6 Armour
 + Level 3.1 Dodging
 - Level 3.0 Invocations


You had 3 spell levels left.
You didn't know any spells.

Dungeon Overview and Level Annotations

Branches:
Dungeon (2/27)

Altars:
Xom


Message History

Press: ? - help, Dir - move target cursor, f/p - gnoll
Aim: a gnoll, wielding a spear (severely wounded)
You reach to attack!
You hit the gnoll but do no damage.
The gnoll is severely wounded.
Your kobold zombie hits the gnoll with a short sword.
Attack whom?
Press: ? - help, Dir - move target cursor, f/p - gnoll
Aim: a gnoll, wielding a spear (almost dead)
You reach to attack!
You hit the gnoll but do no damage.
The gnoll is almost dead.
The gnoll hits you but does no damage.
Attack whom?
Press: ? - help, Dir - move target cursor, f/p - gnoll
Aim: a gnoll, wielding a spear (almost dead)
You reach to attack!
You hit the gnoll.
The gnoll is almost dead.
Your kobold zombie hits the gnoll but does no damage.
The gnoll hits you from afar with a spear.
You die...
Your body rises from the dead as a mindless zombie.

#z# #.# #.# #.# ### #z# #.#
#.. #.# #.# #.# #z# #.# #.#
###.### #.# #.# #...z.# #.#
#.# #
#....z#####.######%#####.....
#)...zz........@.g.)%........
#.....#####.######z#####.>...
#.....# ##.# #z# # #######
#.z# #.# # #..# #.######.#
#.z# #........##### #.z#
####.......... #..#
#.######### #..# #.#


You could see a gnoll and a friendly kobold zombie.

Vanquished Creatures
  A gnoll (D:1)
  3 adders (D:2)
  2 giant geckos
  An ooze (D:1)
  6 hobgoblins
  2 jackals (D:1)
  A quokka (D:2)
  5 bats
  2 giant newts
  4 goblins
  7 kobolds
  3 rats
37 creatures vanquished.

Vanquished Creatures (collateral kills)
  2 gnolls (D:2)
  A hobgoblin (D:2)
  A bat (D:1)
  A giant newt (D:2)
  A jackal (D:1)
  A kobold (D:2)
7 creatures vanquished.

Vanquished Creatures (others)
  An adder zombie (D:2)
  2 giant newt zombies
  3 goblin zombies
  2 hobgoblin zombies (D:2)
  A kobold skeleton (D:2)
  3 kobold zombies
12 creatures vanquished.

Grand Total: 56 creatures vanquished

Notes
Turn   | Place    | Note
--------------------------------------------------------------
     0 | D:1      | PolkaDot, the Merfolk Death Knight, began the quest for the Orb.
     0 | D:1      | Reached XP level 1. HP: 16/16 MP: 2/2
    47 | D:1      | Found a shimmering altar of Xom.
   120 | D:1      | Reached XP level 2. HP: 4/22 MP: 4/4
   384 | D:1      | Reached skill level 4 in Polearms
   460 | D:1      | Reached XP level 3. HP: 14/27 MP: 5/5
   656 | D:1      | Acquired Yredelemnul's second power
   935 | D:2      | Reached XP level 4. HP: 30/34 MP: 7/7
  1047 | D:2      | Reached skill level 5 in Polearms
  1114 | D:2      | HP: 1/34 [gnoll/spear (8)]
  1153 | D:2      | Slain by a gnoll

Action                   |  1- 3 |  4- 6 || total
-------------------------+-------+-------++-------
Melee: Spear             |   126 |    53 ||   179
Invok: Animate Remains   |    11 |     6 ||    17
  Use: Potion            |       |     1 ||     1
